 Dungeon Crawl Stone Soup version 0.31-a0-1291-g5386780bc2 (webtiles) character file.

Game seed: 17598002733599668516

39 Nattfarinn the Changeling (level 3, 0/33 HPs)
             Began as an Ogre Shapeshifter on Dec 18, 2023.
             Slain by an adder (4 damage)
             ... on level 3 of the Dungeon.
             The game lasted 00:01:23 (1618 turns).

Nattfarinn the Changeling (Ogre Shapeshifter)       Turns: 1618, Time: 00:01:23

Health: 0/33       AC:  3    Str: 20    XL:     3   Next: 45%
Magic:  3/3        EV:  9    Int: 11    God:
Gold:   97         SH:  0    Dex:  8    Spells: 2/2 levels left

rFire   . . .        e - +1 dagger (flame)
rCold   . . .        (no shield)
rNeg    . . .        a - +0 animal skin
rPois   .            (helmet currently unavailable)
rElec   .            (cloak currently unavailable)
rCorr   .            (gloves unavailable)
SInv    .            (boots unavailable)
Will    .....        (no amulet)
Stlth   +            (no ring)
HPRegen 0.25/turn    (no ring)
MPRegen 0.08/turn

%: no passive effects
@: lethally poisoned (0 -> -2), beast-form
A: beast (slay +2), large, unfitting armour, tough skin 1
a: Begin Untransformation


You were on level 3 of the Dungeon.
You were a hulking beast.
You visited 1 branch of the dungeon, and saw 3 of its levels.

You collected 97 gold pieces.

Inventory:

Hand Weapons
 e - a +1 dagger of flaming (weapon)
Armour
 a - a +0 animal skin (worn)
Jewellery
 l - a ring of fire
 n - an amulet of guardian spirit
Talismans
 c - a beast talisman
 d - a flux talisman
Scrolls
 h - a scroll of vulnerability {unknown}
 j - 2 scrolls of identify {unknown}
 o - a scroll of teleportation {unknown}
 p - a scroll of immolation {unknown}
Potions
 b - a potion of lignification
 f - a potion of magic {unknown}
 g - a potion of curing {unknown}
 i - a potion of heal wounds {unknown}
 k - a potion of degeneration {unknown}
 m - a potion of brilliance {unknown}


   Skills:
 - Level 1.3 Fighting
 - Level 1.7 Dodging
 - Level 2.8 Unarmed Combat
 + Level 4.1 Shapeshifting


You had 2 spell levels left.
You didn't know any spells.
Your spell library contained the following spells:

 Spells                   Type           Power      Damage    Failure   Level
 Magic Dart               Conj           0%         1d3       34%         1
 Searing Ray              Conj           0%         2d4       47%         2
 Tukima's Dance           Hex            0%         N/A       71%         3
 Fulminant Prism          Conj/Hex       0%         3d5       98%         4
 Passage of Golubria      Tloc           0%         N/A       98%         4
 Yara's Violent Unravell  Hex/Tmut       0%         3d3       100%        5


Dungeon Overview and Level Annotations

Branches:
Dungeon (3/15)

Altars:


Innate Abilities, Weirdness & Mutations

You are a hulking beast.
Your limbs bulge with bestial killing power. (Slay +2)
You are too large for most types of armour.
You have tough skin. (AC +1)


Message History

You are too injured to fight recklessly!
You are too injured to fight recklessly!
You are too injured to fight recklessly!
You are too injured to fight recklessly!
You are too injured to fight recklessly!
You are too injured to fight recklessly!
You are too injured to fight recklessly!
You are too injured to fight recklessly!
You are too injured to fight recklessly!
You completely miss the adder.
You feel sick. The adder bites you but does no damage.
You barely miss the adder.
You feel sick.
You are no longer poisoned.
The adder bites you but does no damage. The adder bites you.
You hit the adder. You burn the adder.
The adder is moderately wounded.
The adder bites you but does no damage.
You hit the adder but do no damage.
The adder is moderately wounded.
The adder closely misses you.
You closely miss the adder.
The adder is moderately wounded.
The adder bites you.
You are poisoned.
The adder poisons you! The adder barely misses you.
You barely miss the adder.
The adder is moderately wounded.
You feel sick. The adder bites you but does no damage.
You hit the adder. You burn the adder.
The adder is severely wounded.
You feel sick. The adder bites you but does no damage.
You closely miss the adder.
The adder is severely wounded.
You feel sick. The adder bites you.
* * * LOW HITPOINT WARNING * * *
The adder closely misses you.
You barely miss the adder.
The adder is severely wounded.
You feel sick. The adder bites you.
You die...

#...####### .#
#..........
...####.[.#.##### .
.#..........# .#
............# ...
#..........# ....
#.##.#.....#####.....
#.#...........#
#.#......†hS..#
#.#....####......#
#......# #######
####.### #.# #.#
#####
#######.######...#
#...#..........#.###
#.#.......#........#


You could see an adder.

Vanquished Creatures
  A worm (D:2)
  A dart slug (D:2)
  2 bats
  5 endoplasms
  2 goblins (D:1)
  4 hobgoblins
  2 jackals (D:1)
  4 ball pythons
  4 frilled lizards
  4 kobolds
  3 rats
32 creatures vanquished.

Notes
Turn   | Place    | Note
-------+----------+-------------------------------------------
     0 | D:1      | Nattfarinn the Ogre Shapeshifter began the quest for the
                  | Orb.
     0 | D:1      | Reached XP level 1. HP: 19/19 MP: 1/1
   193 | D:1      | Reached XP level 2. HP: 27/27 MP: 2/2
   785 | D:2      | Reached XP level 3. HP: 33/33 MP: 3/3
   904 | D:2      | Reached skill level 4 in Shapeshifting
  1618 | D:3      | Slain by an adder

Illustrated notes

Levels and vault maps discovered:
D:1:      shiori_arrival_elements, layout_rooms
D:2:      layout_basic
D:3:      layout_loops_cross, mainiacjoe_overflow_surrounded_room,
          minmay_quantized

Skill      XL: |  1  2  3 |
---------------+----------+-----
Shapeshifting  | 4 |  4.1
Fighting       | |  1.3
Dodging        | |  1.7
Unarmed Combat | |  2.8

Action                     || total
---------------------------++-------
  Melee: Dagger            ||    96
         Unarmed           ||     3
         Punch             ||     1
 Armour: Animal skin       ||    73
  Dodge: Dodged            ||    36

Table legend: (Time is in decaauts)
 A = Elapsed time spent in this place.
 B = Non-inter-level travel time spent in this place.
 C = Inter-level travel time spent in this place.
 D = Time resting spent in this place.
 E = Time spent auto-exploring this place.
 F = Levels seen in this place.
 G = Mean time per level.
                   A        B        C        D        E       F      G
               +--------+--------+--------+--------+--------+-----+--------+
         Total |   1616 |   1586 |     30 |      0 |   1362 |   3 |  538.7 |
       Dungeon |   1616 |   1586 |     30 |      0 |   1362 |   3 |  538.7 |
               +--------+--------+--------+--------+--------+-----+--------+

Top non-repeatable levels by time:
     D:2: 904 daAuts
     D:1: 533 daAuts
     D:3: 178 daAuts
